 Dungeon Crawl Stone Soup version 0.32-a0-818-gb728d0252e (webtiles) character file.

Game seed: 10002627260909750588

49 smashvw the Trooper (level 3, -7/20 HPs)
             Began as a Vine Stalker Fighter on Mar 24, 2024.
             Splashed by a jelly's acid (9 damage)
             ... on level 2 of the Dungeon.
             The game lasted 00:02:12 (995 turns).

smashvw the Trooper (Vine Stalker Fighter)           Turns: 995, Time: 00:02:13

Health: -7/20      AC: -5    Str: 18    XL:     3   Next: 75%
Magic:  0/4        EV:  8    Int:  8    God:
Gold:   106        SH:  4    Dex: 15    Spells: 2/2 levels left

rFire   . . .        a - +0 rapier
rCold   . . .        c - +0 buckler
rNeg    . . .        b - +0 scale mail
rPois   .            (no helmet)
rElec   .            (no cloak)
rCorr   .            (no gloves)
SInv    .            (no boots)
Will    .....        (no amulet) Stlth
                     (no ring)
HPRegen 1.03/turn    (no ring)
MPRegen 0.09/turn

%: guardian spirit
@: corroded
A: fangs 2, regeneration 1, magic shield, antimagic bite, no potion heal 2
a: no special abilities


You were on level 2 of the Dungeon.
You visited 1 branch of the dungeon, and saw 2 of its levels.

You collected 106 gold pieces.

Inventory:

Hand Weapons
 a - a +0 rapier (weapon)
Armour
 b - a +0 scale mail (worn)
 c - a +0 buckler (worn)
Jewellery
 k - a ring of positive energy
Scrolls
 e - a scroll of fear {unknown}
 f - a scroll of vulnerability {unknown}
 l - a scroll of revelation {unknown}
 n - a scroll of identify {unknown}
Potions
 d - a potion of might
 g - 2 potions of enlightenment {unknown}
 h - a potion of haste {unknown}
 i - a potion of resistance {unknown}
 j - a potion of magic {unknown}
 m - a potion of curing {unknown}


   Skills:
 + Level 3.1 Fighting
 + Level 2.3 Short Blades
 + Level 2.8 Armour
 + Level 3.1 Shields


You had 2 spell levels left.
You didn't know any spells.
Your spell library contained the following spells:

 Spells                   Type           Power      Damage    Failure   Level
 Summon Small Mammal      Summ           0%         N/A       87%         1
 Call Canine Familiar     Summ           0%         N/A       99%         3
 Summon Blazeheart Golem  Fire/Summ      0%         N/A       100%        4


Dungeon Overview and Level Annotations

Branches:
Dungeon (2/15)

Altars:


Innate Abilities, Weirdness & Mutations

You have extremely sharp teeth.
Your natural rate of healing is unusually fast.
When hurt, damage is shared between your health and your magic reserves.
Your bite disrupts and absorbs the magic of your enemies.
Potions cannot restore your health.


Message History

You now have 106 gold pieces (gained 12).
A ball python comes into view.
The ball python hisses angrily.
A ball python is nearby!
You hit the ball python.
You kill the ball python!
No target in view!
No target in view!
A jelly comes into view.
The jelly quivers.
A jelly is nearby!
You block the jelly's attack.
You hit the jelly. The acid corrodes you!
Your hands burn!
The jelly is moderately wounded.
You block the jelly's attack.
You barely miss the jelly.
The jelly is moderately wounded.
You block the jelly's attack.
You hit the jelly.
Your hands burn!
The jelly is heavily wounded.
The jelly hits you but does no damage.
You hit the jelly but do no damage. The acid corrodes you!
Your hands burn!
The jelly is heavily wounded.
You block the jelly's attack.
You hit the jelly but do no damage. The acid corrodes you!
Your hands burn!
The jelly is heavily wounded.
The jelly closely misses you.
You hit the jelly but do no damage.
Your hands burn!
The jelly is heavily wounded.
The jelly barely misses you. The jelly hits you.
You are splashed with acid!
* * * LOW HITPOINT WARNING * * *
You are too injured to fight recklessly!
Okay, then.
You hit the jelly.
Your hands burn!
* * * LOW HITPOINT WARNING * * *
The jelly is severely wounded.
The jelly hits you.
* * * LOW HITPOINT WARNING * * *
You are splashed with acid!
You die...

.........##.....###.....
.........##......##.....
.................##.....
.........##..†...##.....
..........#......##..†..
..........#.....######.#
###.......#.....# #..
#.......#.....# ####
#....@..####### #...
#....J..# #.## #....?..#
#.# #?......# #.#
#.......###########.##
#.########............
#. #............ #
#............
#............


You could see a jelly.

Vanquished Creatures
  2 adders (D:2)
  2 dart slugs (D:2)
  A ribbon worm (D:2)
  2 endoplasms
  2 giant cockroaches
  2 hobgoblins
  3 quokkas
  3 ball pythons
  A frilled lizard (D:1)
  3 goblins (D:1)
  3 kobolds
  3 rats (D:1)
27 creatures vanquished.

Notes
Turn   | Place    | Note
-------+----------+-------------------------------------------
     0 | D:1      | smashvw the Vine Stalker Fighter began the quest for the
                  | Orb.
     0 | D:1      | Reached XP level 1. HP: 11/11 MP: 2/2
    52 | D:1      | You fall into a shaft and drop 1 floor!
   214 | D:1      | Reached XP level 2. HP: 16/16 MP: 3/3
   739 | D:2      | Reached XP level 3. HP: 15/20 MP: 4/4
   995 | D:2      | Splashed by a jelly's acid

Illustrated notes

Levels and vault maps discovered:
D:1:      evilmike_arrival_hilbert_curve, layout_loops_ring
D:2:      layout_basic, minmay_pentomino_v4

Skill      XL: |  1  2 |
---------------+-------+-----
Short Blades   | 2 |  2.3
Fighting       | 3 |  3.1
Shields        | 3 |  3.1
Armour         | |  2.8

Action                     || total
---------------------------++-------
  Melee: Rapier            ||    85
         Bite              ||    18
  Throw: Throwing net      ||     1
 Armour: Scale mail        ||    62
  Dodge: Dodged            ||    27
  Block: Buckler           ||    17

Table legend: (Time is in decaauts)
 A = Elapsed time spent in this place.
 B = Non-inter-level travel time spent in this place.
 C = Inter-level travel time spent in this place.
 D = Time resting spent in this place.
 E = Time spent auto-exploring this place.
 F = Levels seen in this place.
 G = Mean time per level.
                   A        B        C        D        E       F      G
               +--------+--------+--------+--------+--------+-----+--------+
         Total |   1006 |    973 |     33 |      0 |    759 |   2 |  503.0 |
       Dungeon |   1006 |    973 |     33 |      0 |    759 |   2 |  503.0 |
               +--------+--------+--------+--------+--------+-----+--------+

Top non-repeatable levels by time:
     D:1: 605 daAuts
     D:2: 400 daAuts
